 Dungeon Crawl Stone Soup version 0.29.1-12-g30fa7ad0bf (webtiles) character file.

Game seed: 9563369499472107882

6076 fantasyman the Protected (level 10, -2/91 HPs)
             Began as a Minotaur Fighter on Dec 18, 2022.
             Was a Believer of the Shining One.
             Slain by a komodo dragon (17 damage)
             ... on level 1 of the Lair of Beasts.
             The game lasted 00:08:31 (11180 turns).

fantasyman the Protected (Minotaur Fighter)        Turns: 11180, Time: 00:08:32

Health: -2/91      AC: 19    Str: 25    XL:     10   Next: 57%
Magic:  9/9        EV:  6    Int:  5    God:    the Shining One [**....]
Gold:   601        SH: 11    Dex: 16    Spells: 9/9 levels left

rFire   + . .      SeeInvis .   G - +2 war axe (flame)
rCold   + . .      Faith    .   J - +0 kite shield
rNeg    + . .      Spirit   .   e - +1 plate armour
rPois   .          Reflect  .   (helmet restricted)
rElec   .          Harm     .   b - scarf {rC+ rF+}
rCorr   +          Rampage  .   A - +0 pair of gloves
Will    .....                   j - +0 pair of boots
Stlth   ..........              (no amulet)
HPRegen 0.25/turn               i - +6 ring of dexterity
MPRegen 0.11/turn               q - ring of resist corrosion

@: glowing
A: horns 2, retaliatory headbutt
a: Renounce Religion, Divine Shield


You were on level 1 of the Lair of Beasts.
You worshipped the Shining One.
The Shining One was pleased with you.
You visited 3 branches of the dungeon, and saw 12 of its levels.

You collected 601 gold pieces.

Inventory:

Hand Weapons
 a - a +0 war axe
 s - a +2 whip of electrocution
 u - a +2 antimagic spear
 G - a +2 war axe of flaming (weapon)
Missiles
 c - 2 throwing nets (quivered)
Armour
 b - a scarf of resistance (worn)
 e - a +1 plate armour (worn)
 j - a +0 pair of boots (worn)
 A - a +0 pair of gloves (worn)
 J - a +0 kite shield (worn)
Jewellery
 i - a +6 ring of dexterity (left hand)
 q - a ring of resist corrosion (right hand)
 B - a ring of wizardry
 D - a ring of positive energy
 H - a ring of poison resistance
Wands
 k - a wand of flame (10)
 F - a wand of polymorph (7)
 M - a wand of iceblast (9)
 N - a wand of charming (7)
Scrolls
 f - 7 scrolls of blinking
 h - 7 scrolls of identify
 m - a scroll of poison
 r - 2 scrolls of immolation
 t - 2 scrolls of magic mapping
 w - a scroll of amnesia
 y - a scroll of fog
 I - a scroll of enchant armour
Potions
 d - 4 potions of might
 g - 2 potions of lignification
 l - a potion of degeneration {unknown}
 n - a potion of mutation {unknown}
 o - 3 potions of heal wounds {unknown}
 p - 3 potions of attraction {unknown}
 v - a potion of magic {unknown}
 x - 2 potions of berserk rage {unknown}
 z - 4 potions of brilliance {unknown}
 C - 5 potions of curing {unknown}
 E - 2 potions of haste {unknown}
 K - a potion of cancellation {unknown}
 L - 2 potions of resistance {unknown}


   Skills:
 + Level 9.1 Fighting
 + Level 10.4 Axes
 + Level 12.2 Armour
 + Level 8.6 Shields


You had 9 spell levels left.
You didn't know any spells.
Your spell library contained the following spells:

 Spells                   Type           Power      Damage    Failure   Level
 Blink                    Tloc           0%         N/A       100%        2
 Scorch                   Fire           0%         2d5       100%        2
 Confusing Touch          Hex            0%         N/A       100%        3
 Cause Fear               Hex            0%         N/A       100%        4
 Flame Wave               Conj/Fire      0%         2d4       100%        4
 Manifold Assault         Tloc           0%         N/A       100%        5
 Yara's Violent Unravell  Hex/Tmut       0%         3d3       100%        5
 Summon Cactus Giant      Summ           0%         N/A       100%        6
 Dragon Form              Tmut           0%         N/A       100%        7
 Enfeeble                 Hex            0%         N/A       100%        7
 Storm Form               Tmut/Air       0%         N/A       100%        7
 Dragon's Call            Summ           0%         N/A       100%        9


Dungeon Overview and Level Annotations

Branches:
Dungeon (10/15)            Temple (1/1) D:4            Lair (1/5) D:10
    Orc: D:9-12

Altars:
Ashenzari
Cheibriados
Dithmenos
Elyvilon
Fedhas
Gozag
Hepliaklqana
Kikubaaqudgha
Makhleb
Nemelex Xobeh
Okawaru
Qazlal
Ru
Sif Muna
Trog
Uskayaw
Vehumet
Wu Jian
Xom
Yredelemnul
Zin
The Shining One

Shops:
D:5 (   D:10 !


Innate Abilities, Weirdness & Mutations

You have a pair of horns on your head.
You reflexively headbutt those who attack you in melee.


Message History

A komodo dragon comes into view.
The wolf barely misses you. The komodo dragon bites you!
The two-headed hydra closely misses you.
The two-headed hydra barely misses you.
You hit the two-headed hydra. You burn the two-headed hydra.
The two-headed hydra is severely wounded.
You closely miss the wolf. You hit the komodo dragon.
You burn the komodo dragon. You block the wolf's attack.
You block the two-headed hydra's attack.
The two-headed hydra bites you but does no damage.
The komodo dragon bites you!!
You are too injured to fight recklessly!
Unknown command.
You are too injured to fight recklessly!
Unknown command.
You are too injured to fight recklessly!
Unknown command.
You are too injured to fight recklessly!
Unknown command.
You are too injured to fight recklessly!
You chop one of the two-headed hydra's heads off!
The flame cauterises the wound!
You hit the one-headed hydra. You burn the one-headed hydra.
The one-headed hydra is almost dead.
You hit the komodo dragon. You burn the komodo dragon. You slash the wolf!
You burn the wolf.
You kill the wolf!
The one-headed hydra bites you but does no damage.
The komodo dragon bites you!
* * * LOW HITPOINT WARNING * * *
You hit the one-headed hydra. You burn the one-headed hydra.
The one-headed hydra is almost dead.
You slash the wolf! You burn the wolf.
You hit the komodo dragon but do no damage.
You block the wolf's attack. The wolf bites you.
* * * LOW HITPOINT WARNING * * *
You block the wolf's attack. The one-headed hydra bites you!
* * * LOW HITPOINT WARNING * * *
The komodo dragon bites you!
You die...

##.[....[#### #.
##......### #.
#.......# ##
##......## #
#........#
##......P#
#......##
.........#
.......h@#
.......hDl......
.........l......
................
.............#.[
............## .
............
.............


You could see an one-headed hydra, 2 komodo dragons and 2 wolves.

Vanquished Creatures
  A two-headed ogre (D:10)
  Pikel (D:8)
  2 komodo dragons (D:10)
  Psyche (D:9)
  A troll (D:9)
  A hornet (D:10)
  A shadow (D:10)
  2 wyverns (D:10)
  Grum (D:8)
  A steam dragon (D:8)
  Menkaure (D:6)
  An acid dragon (D:10)
  A water moccasin (D:9)
  3 orc warriors
  A sky beast (D:7)
  3 ice beasts
  3 wolves
  3 centaurs
  A lemure (D:8)
  4 bullfrogs
  4 kobold brigands
  A gnoll sergeant (D:10)
  A scorpion (D:6)
  6 howler monkeys
  A jelly (D:6)
  2 hounds (D:7)
  A gnoll bouda (D:6)
  8 orc priests
  Ijyb (D:3)
  2 iguanas
  5 orc wizards
  Robin (D:3)
  8 gnolls
  3 adders
  A white imp (D:7)
  A dart slug (D:1)
  25 orcs
  3 bats
  13 endoplasms
  4 giant cockroaches
  12 hobgoblins
  5 jackals
  8 ball pythons
  4 frilled lizards
  13 goblins
  22 kobolds
  5 rats
193 creatures vanquished.

Vanquished Creatures (others)
  3 plants (D:4)
3 creatures vanquished.

Grand Total: 196 creatures vanquished

Notes
Turn   | Place    | Note
-------+----------+-------------------------------------------
     0 | D:1      | fantasyman the Minotaur Fighter began the quest for the
                  | Orb.
     0 | D:1      | Reached XP level 1. HP: 19/19 MP: 0/0
   106 | D:1      | Reached XP level 2. HP: 27/27 MP: 1/1
   111 | D:1      | Reached skill level 4 in Armour
   451 | D:1      | Found a faded altar of an unknown god.
   452 | D:1      | Noticed a golden eye
   455 | D:1      | Noticed a golden eye
   455 | D:1      | Noticed an eye of devastation
   455 | D:1      | Noticed a shining eye
   793 | D:2      | Reached XP level 3. HP: 27/33 MP: 2/2
  1517 | D:3      | Noticed Robin
  1528 | D:3      | Killed Robin
  1529 | D:3      | Reached XP level 4. HP: 32/41 MP: 3/3
  1608 | D:3      | Reached skill level 5 in Armour
  1754 | D:3      | Noticed Ijyb
  1764 | D:3      | Killed Ijyb
  1765 | D:3      | Reached skill level 5 in Shields
  1765 | D:3      | Reached XP level 5. HP: 40/47 MP: 4/4
  1925 | D:3      | Found an opulent altar of Gozag.
  2455 | D:4      | Found a staircase to the Ecumenical Temple.
  2484 | Temple   | Entered the Ecumenical Temple
  2665 | Temple   | Became a worshipper of the Shining One
  3113 | D:5      | Entered Level 5 of the Dungeon
  3201 | D:5      | Reached skill level 5 in Fighting
  3201 | D:5      | Reached skill level 6 in Armour
  3368 | D:5      | Reached XP level 6. HP: 55/56 MP: 5/5
  3439 | D:5      | Found Jieseh's Weapon Shop.
  4033 | D:6      | Noticed an ice beast
  4042 | D:6      | Killed an ice beast
  4043 | D:6      | Reached skill level 7 in Armour
  4199 | D:6      | Noticed an ice beast
  4208 | D:6      | Killed an ice beast
  4209 | D:6      | Reached XP level 7. HP: 54/61 MP: 6/6
  4310 | D:6      | Noticed Menkaure
  4316 | D:6      | Killed Menkaure
  4317 | D:6      | Reached skill level 8 in Armour
  4586 | D:7      | Found a sacrificial altar of Ru.
  4605 | D:7      | Reached * piety under the Shining One
  4634 | D:7      | Reached XP level 8. HP: 63/70 MP: 7/7
  5061 | D:7      | Reached skill level 9 in Armour
  5628 | D:7      | Found a stormy altar of Qazlal.
  6454 | D:8      | Noticed Pikel
  6465 | D:8      | Reached skill level 10 in Armour
  6474 | D:8      | Killed Pikel
  6475 | D:8      | Reached skill level 5 in Axes
  6475 | D:8      | Reached XP level 9. HP: 48/79 MP: 8/8
  6747 | D:8      | Noticed Grum
  6758 | D:8      | Killed Grum
  7825 | D:9      | Reached skill level 11 in Armour
  8241 | D:9      | Noticed a troll
  8245 | D:9      | Killed a troll
  9112 | D:9      | Noticed Psyche
  9116 | D:9      | Killed Psyche
  9453 | D:10     | Entered Level 10 of the Dungeon
  9453 | D:10     | Noticed a two-headed ogre
  9457 | D:10     | Killed a two-headed ogre
  9458 | D:10     | Reached XP level 10. HP: 90/90 MP: 9/9
  9483 | D:10     | Found a radiant altar of Vehumet.
  9491 | D:10     | Found a shadowy altar of Dithmenos.
  9495 | D:10     | Found a glowing silver altar of Zin.
  9498 | D:10     | Found a burning altar of Makhleb.
  9535 | D:10     | Found a snail-covered altar of Cheibriados.
  9536 | D:10     | Noticed a torpor snail
  9536 | D:10     | Noticed a torpor snail
  9538 | D:10     | Noticed a torpor snail
  9562 | D:10     | Found Zur Eng's Distillery.
  9754 | D:10     | Reached ** piety under the Shining One
  9756 | D:10     | Found a shimmering altar of Xom.
  9821 | D:10     | Found a white marble altar of Elyvilon.
  9989 | D:10     | Found a blossoming altar of Fedhas.
 10068 | D:10     | Reached skill level 12 in Armour
 10253 | D:10     | Reached skill level 10 in Axes
 10781 | D:10     | Found a staircase to the Lair.
 11075 | Lair:1   | Entered Level 1 of the Lair of Beasts
 11172 | Lair:1   | Noticed a four-headed hydra
 11180 | Lair:1   | Slain by a komodo dragon

Illustrated notes

Levels and vault maps discovered:
D:1:      wander_arrival_lonely_grave, layout_loops_ring,
          hellmonk_ecumenical_altar_watching_god
D:2:      layout_loops_ring, dreamdust_wishing_well
D:3:      layout_basic, grunt_gozag_statues, uniq_robin, uniq_ijyb
D:4:      layout_loops_ring, minmay_temple_entry_overgrown
D:5:      layout_basic, serial_glass, glass_columns_b, glass_columns_a,
          serial_shops, nicolae_shop_bloodbath_and_beyond,
          minmay_manual_macuahuitl
D:6:      layout_basic, kennysheep_minor_cross, uniq_menkaure
D:7:      layout_basic, nicolae_ru_great_annihilating_truth,
          nicolae_overflow_crystal_walls
D:8:      layout_loops_corners, uniq_grum, uniq_pikel
D:9:      layout_basic, uniq_psyche
D:10:     layout_loops_ring, elyvilon_altar_1, lemuel_tele_altar, minitemple,
          xom_butterflies, cheibriados_altar_2, erik_lair_dragon, serial_shops,
          nicolae_shop_temple_entry_statues_fountains
Temple:   minmay_freezing_vapour_temple
Lair:1:   layout_hall_layers, special_room [special_room_bee],
          serial_bayou_pond_d, uniq_gastronok, uniq_fannar

Skill      XL: |  1  2  3  4  5  6  7  8  9 10 |
---------------+-------------------------------+-----
Armour         | 4 5 6 7 8 10 11 12 | 12.2
Fighting       | 4 5 6 7 8 9 |  9.1
Shields        | 4 5 6 7 8 |  8.6
Axes           | 5 9 10 | 10.4

Action                   |  1- 3 |  4- 6 |  7- 9 | 10-12 || total
-------------------------+-------+-------+-------+-------++-------
Melee: War axe           |    89 |    15 |   126 |    48 ||   278
       Headbutt          |    13 |    17 |    42 |    13 ||    85
       Whip              |       |    97 |    51 |       ||   148
  Use: Scroll            |       |     8 |     3 |       ||    11
       Potion            |       |       |     1 |       ||     1
Armor: Plate armour      |    54 |    44 |   104 |    27 ||   229
Dodge: Dodged            |    29 |    42 |    49 |    16 ||   136
Block: Buckler           |    24 |    35 |    50 |     7 ||   116
       Kite shield       |       |       |       |    20 ||    20
